 Dungeon Crawl Stone Soup version 0.29-a0-275-g389c0b56f3 (webtiles) character file.

Game seed: 1534071179536813896

480 Ordine the Slasher (level 7, 0/42 (43) HPs)
             Began as a Tengu Warper on Mar 10, 2022.
             Slain by a wight
             ... wielding a +1 vorpal mace
              (2 damage)
             ... on level 4 of the Dungeon.
             The game lasted 00:06:15 (4475 turns).

Ordine the Slasher (Tengu Warper)                   Turns: 4475, Time: 00:06:15

HP:   0/42 (43)     AC:  5    Str: 12    XL:     7   Next: 12%
MP:   11/11         EV: 14    Int: 13    God:
Gold: 138           SH:  0    Dex: 15    Spells: 8/10 levels left

rFire   + . .      SeeInvis .   a - +0 falchion
rCold   + . .      Faith    .   (no shield)
rNeg    . . .      Spirit   .   w - +2 robe {rC+ rF+}
rPois   .          Reflect  .   (helmet restricted)
rElec   .          Harm     .   (no cloak)
rCorr   .          Rampage  .   v - +0 pair of gloves
Will    ++...                   (boots unavailable)
Stlth   +.........              (no amulet)
HPRegen 0.14/turn               e - ring of willpower
MPRegen 0.12/turn               i - ring of willpower

@: on berserk cooldown, flying quickly and evasively, slowed, lightly drained,
very slow
A: beak, talons 3, nimble flight
a: no special abilities


You were on level 4 of the Dungeon.
You visited 1 branch of the dungeon, and saw 4 of its levels.

You collected 138 gold pieces.

Inventory:

Hand Weapons
 a - a +0 falchion (weapon)
Missiles
 d - 7 boomerangs of dispersal
 o - 2 poisoned darts
Armour
 v - a +0 pair of gloves (worn)
 w - a +2 robe of resistance (worn)
Jewellery
 e - a ring of willpower (left hand)
 i - a ring of willpower (right hand)
Wands
 r - a wand of iceblast (8) (quivered)
 s - a wand of mindburst (12)
Scrolls
 c - 5 scrolls of blinking
 f - 2 scrolls of enchant weapon {unknown}
 h - a scroll of silence {unknown}
 k - 2 scrolls of immolation {unknown}
 l - 2 scrolls of identify {unknown}
 m - 2 scrolls of vulnerability {unknown}
 n - 2 scrolls of teleportation {unknown}
 p - 2 scrolls of noise {unknown}
 u - a scroll of torment {unknown}
Potions
 j - a potion of might {unknown}
 q - a potion of degeneration {unknown}
 t - a potion of brilliance {unknown}


   Skills:
 + Level 4.0 Fighting
 * Level 6.0 Long Blades
 + Level 3.5 Throwing
 - Level 1.1 Armour
 - Level 2.1 Dodging
 - Level 2.0 Spellcasting
 - Level 2.4 Translocations


You had 8 spell levels left.
You knew the following spells:

 Your Spells              Type           Power      Damage    Failure   Level
a - Blink                 Tloc           14%        N/A       14%         2

Your spell library contained the following spells:

 Spells                   Type           Power      Damage    Failure   Level
 Magic Dart               Conj           4%         1d3       26%         1
 Gell's Gravitas          Tloc           7%         N/A       28%         3
 Lesser Beckoning         Tloc           7%         N/A       28%         3
 Teleport Other           Tloc           7%         N/A       28%         3
 Searing Ray              Conj           2%         2d4       36%         2
 Fulminant Prism          Conj/Hex       0%         3d6       94%         4
 Manifold Assault         Tloc           7%         N/A       95%         5


Dungeon Overview and Level Annotations

Branches:
Dungeon (4/15)
 Temple: D:4-7

Altars:


Innate Abilities, Weirdness & Mutations

You have a beak for a mouth.
You have claws for feet.
Your magical nature lets you fly swiftly and evasively.


Message History

It was a potion of berserk rage.
A red film seems to cover your vision as you go berserk!
You feel yourself moving faster!
You feel mighty! The wight misses you.
You closely miss the wight. You claw the wight! You peck the wight.
The wight is heavily damaged.
The wight misses you.
You hit the wight.
The wight is severely damaged.
You slash the wight!
You destroy the wight!
Your life force feels restored.
Your Fighting skill increases to level 4!
Your Long Blades skill increases to level 6!
You have reached level 7!
Things that are here:
a +3 trident; a +0 robe You feel a strong urge to attack something.
Things that are here:
a +4 hand axe; a +0 robe You start resting.
You feel your anger nearly subside.
You are no longer berserk.
You are exhausted.
You feel yourself slow down.
You start resting.
A wight comes into view. It is wielding a +1 vorpal mace.
The wight moves out of view.
You start resting.
A wight is nearby!
Things that are here:
a +3 trident; a +0 robe You see here the felid corpse of Natasha.
You see here a giant cockroach corpse.
Things that are here:
a +0 club; a +0 hunting sling; a goblin corpse
There is a stone staircase leading up, spattered with blood here.
The wight hits you but does no damage.
The wight hits you with a +1 vorpal mace.
* * * LOW HITPOINT WARNING * * *
You feel drained.
You die...

#..))z.....(#
#.†###......
#.###..###.##.#..
#>............#.#
####............#
#......!.....!#
#.#####†.###.# #.
#z.###.## ..
#@......# #.
#..###..###
#....§.....
......#........
........##.####
#.#.###### # # #.
. #


You could see a wight.

Vanquished Creatures
  A scorpion (D:4)
  2 wights (D:4)
  A jelly (D:4)
  A hound (D:4)
  A gnoll shaman (D:4)
  Natasha (thrice) (D:4)
  An orc wizard (D:3)
  3 gnolls (D:4)
  2 adders
  6 worms
  3 dart slugs
  4 orcs (D:3)
  6 ball pythons
  7 bats
  4 endoplasms
  3 giant cockroaches
  4 goblins
  7 hobgoblins
  5 kobolds
  4 quokkas
  A frilled lizard (D:1)
  7 rats
76 creatures vanquished.

Vanquished Creatures (others)
  3 fungi (D:3)
  2 plants (D:3)
5 creatures vanquished.

Grand Total: 81 creatures vanquished

Notes
Turn   | Place    | Note
-------+----------+-------------------------------------------
     0 | D:1      | Ordine the Tengu Warper began the quest for the Orb.
     0 | D:1      | Reached XP level 1. HP: 12/12 MP: 4/4
    66 | D:1      | Reached XP level 2. HP: 5/17 MP: 6/6
   317 | D:1      | Learned a level 2 spell: Blink
   799 | D:1      | Reached skill level 3 in Long Blades
   998 | D:1      | Reached XP level 3. HP: 22/22 MP: 7/7
  1489 | D:2      | You fall into a shaft and drop 2 floors!
  1784 | D:3      | Found a faded altar of an unknown god.
  2084 | D:2      | Reached XP level 4. HP: 19/27 MP: 8/8
  3282 | D:3      | Reached skill level 4 in Long Blades
  3289 | D:3      | Gained mutation: Your magical nature lets you fly swiftly
                  | and evasively. [Tengu growth]
  3289 | D:3      | Reached XP level 5. HP: 26/32 MP: 9/9
  3974 | D:4      | Noticed Natasha
  3980 | D:4      | Killed Natasha
  4079 | D:4      | Reached skill level 5 in Long Blades
  4079 | D:4      | Reached XP level 6. HP: 37/37 MP: 10/10
  4373 | D:4      | Noticed Natasha
  4380 | D:4      | Killed Natasha
  4387 | D:4      | Noticed Natasha
  4395 | D:4      | Killed Natasha
  4450 | D:4      | HP: 1/33 [wight/+4 hand axe (1)]
  4455 | D:4      | Reached skill level 6 in Long Blades
  4455 | D:4      | Reached XP level 7. HP: 3/43 MP: 11/11
  4475 | D:4      | HP: 2/43 [wight/+1 vorpal mace (4)]
  4475 | D:4      | Slain by a wight

Illustrated notes

Levels and vault maps discovered:
D:1:      wander_arrival_abandoned_jail, layout_basic
D:2:      layout_rooms
D:3:      layout_loops_cross, shapermc_ecumenical_altar_petra
D:4:      layout_loops_ring, gammafunk_ghost_stat_death, uniq_natasha

Skill      XL: |  1  2  3  4  5  6 |
---------------+-------------------+-----
Long Blades    | 3 4 5 6 |  6.0
Throwing       | 2 3 |  3.5
Fighting       | 3 4 |  4.0
Armour         | |  1.1
Dodging        | |  2.1
Spellcasting   | |  2.0
Translocations | |  2.4

Action                   |  1- 3 |  4- 6 |  7- 9 || total
-------------------------+-------+-------+-------++-------
Melee: Falchion          |   114 |   103 |       ||   217
       Kick              |    26 |    35 |       ||    61
       Peck              |     9 |    13 |       ||    22
       Punch             |       |     1 |       ||     1
Evoke: Wand              |       |     2 |       ||     2
  Use: Potion            |       |     1 |       ||     1
 Stab: Sleeping          |     1 |       |       ||     1
Armor: Leather armour    |    44 |    13 |       ||    57
       Robe              |       |     3 |     1 ||     4
Dodge: Dodged            |    76 |    58 |       ||   134

Table legend: (Time is in decaauts)
 A = Elapsed time spent in this place.
 B = Non-inter-level travel time spent in this place.
 C = Inter-level travel time spent in this place.
 D = Time resting spent in this place.
 E = Time spent auto-exploring this place.
 F = Levels seen in this place.
 G = Mean time per level.
                   A        B        C        D        E       F      G
               +--------+--------+--------+--------+--------+-----+--------+
         Total |   4470 |   4249 |    221 |    541 |   3133 |   4 | 1117.5 |
       Dungeon |   4470 |   4249 |    221 |    541 |   3133 |   4 | 1117.5 |
               +--------+--------+--------+--------+--------+-----+--------+

Top non-repeatable levels by time:
     D:3: 1780 daAuts
     D:1: 1479 daAuts
     D:2: 874 daAuts
     D:4: 336 daAuts
